 Dungeon Crawl Stone Soup version 0.29-a0-289-g2178c42546 (webtiles) character file.

Game seed: 7171260607042737680

568990 Dabor the Slayer (level 26, -18/162 HPs)
             Began as a Gargoyle Fighter on Mar 17, 2022.
             Was a High Priest of Jiyva.
             Demolished by an ettin simulacrum (34 damage)
             ... summoned by a mummy priest
             ... on level 2 of the Tomb of the Ancients on Mar 18, 2022.
             The game lasted 03:19:10 (46001 turns).

Dabor the Slayer (Gargoyle Fighter)                Turns: 46001, Time: 03:19:11

Health: -18/162    AC: 36    Str: 36      XL:     26   Next: 28%
Magic:  0/24       EV: 29    Int: 13 (16) God:    Jiyva [*****.]
Gold:   2962       SH: 15    Dex: 17      Spells: 34/39 levels left

rFire   + + .      SeeInvis .   H - +3 morningstar (protect)
rCold   . . .      Faith    .   r - +3 kite shield {reflect}
rNeg    + + .      Spirit   +   n - +2 troll leather armour {Snorg}
rPois   ∞          Reflect  +   (helmet restricted)
rElec   +          Harm     .   W - +2 cloak {rCorr}
rCorr   +          Rampage  .   B - +0 pair of gloves of the Armoured One {rN+ Dex+4}
Will    ++++.                   (boots unavailable)
Stlth   +.........              G - amulet of the Magpie {Spirit Regen+ MP-9 Str+4}
HPRegen 3.41/turn               D - ring of Knowledge {rF+ Will++ Str+3}
MPRegen 0.64/turn               S - ring of the Hare {EV+8}

@: marked, calling ooze, flying, slowed, studying Long Blades, very slow
A: sickness immunity, AC +20, big wings, negative energy resistance 1,
electricity resistance, torment resistance 1, petrification resistance, antennae
1, talons 3, agile 2, clever 2, fire resistance 1, frail 1, strong-willed 1,
mutation resistance 1, tendrils
}: 4/15 runes: decaying, slimy, silver, gossamer
a: Renounce Religion, Oozemancy, Slimify


You were on level 2 of the Tomb of the Ancients.
You worshipped Jiyva.
Jiyva was extremely pleased with you.
You visited 11 branches of the dungeon, and saw 50 of its levels.
You visited the Abyss 1 time.
You also visited: Ice Cave and Volcano.

You collected 4371 gold pieces.
You spent 1409 gold pieces at shops.

Inventory:

Hand Weapons
 k - the +7 mace of Variability {chain chaos}
   (You found it on level 14 of the Dungeon)

   Each time it hits an enemy it has a different, random effect.
   It occasionally unleashes arcs of chaos on nearby creatures upon striking a
   foe.
 q - a +5 flail of protection
 H - a +3 morningstar of protection (weapon)
Missiles
 i - 2 javelins (quivered)
Armour
 j - the +3 helmet of the Forsaken Tables {rElec}
   (You found it on level 1 of the Vaults)

   rElec:     It insulates you from electricity.
 n - a +2 troll leather armour (worn) {Snorg}
 r - a +3 kite shield of reflection (worn)
 w - the +2 pair of boots of the Scribe {rElec rN+++ Dex+2 Stlth-}
   (You found it on level 4 of the Swamp)

   Dex:       It affects your dexterity (+2).
   rElec:     It insulates you from electricity.
   rN:        It renders you almost immune to negative energy.
   Stlth:     It makes you less stealthy.
 B - the +0 pair of gloves of the Armoured One (worn) {rN+ Dex+4}
   (You acquired it on level 10 of the Dungeon)

   Dex:       It affects your dexterity (+4).
   rN:        It protects you from negative energy.
 M - +0 gold dragon scales
 W - a +2 cloak of preservation (worn)
Jewellery
 D - the ring of Knowledge (left hand) {rF+ Will++ Str+3}
   (You took it off a deep elf death mage on level 3 of the Elven Halls)

   [ring of protection from fire]

   Str:       It affects your strength (+3).
   rF:        It protects you from fire.
   Will:      It greatly increases your willpower.
 G - the amulet of the Magpie (around neck) {Spirit Regen+ MP-9 Str+4}
   (You found it in an ice cave)

   [amulet of guardian spirit]

   It causes incoming damage to be divided between your reserves of health and
   magic.
   Str:       It affects your strength (+4).
   MP:        It affects your magic capacity (-9).
   Regen:     It increases your rate of health regeneration.
 S - the ring of the Hare (right hand) {EV+8}
   (You found it on level 5 of the Pits of Slime)

   [ring of evasion]

   EV:        It affects your evasion (+8).
Wands
 a - a wand of iceblast (34)
 t - a wand of acid (6)
 v - a wand of flame (58)
 y - a wand of paralysis (21)
 C - a wand of polymorph (9)
 L - a wand of digging (11)
 T - a wand of mindburst (6)
Scrolls
 b - 11 scrolls of identify
 g - 3 scrolls of brand weapon
 h - a scroll of enchant armour
 m - 14 scrolls of teleportation
 o - a scroll of blinking
 z - 5 scrolls of fog
 F - a scroll of silence
 I - 4 scrolls of enchant weapon
 R - 2 scrolls of summoning
Potions
 d - 6 potions of might
 e - 4 potions of berserk rage
 f - 10 potions of curing
 l - 6 potions of magic
 p - 7 potions of heal wounds
 A - 4 potions of invisibility
 J - 5 potions of ambrosia
 O - a potion of haste
 V - 2 potions of resistance
 X - a potion of brilliance
Miscellaneous
 c - a condenser vane
 x - a phantom mirror
 N - a box of beasts
 P - a tin of tremorstones (inert)
 Q - a lightning rod (1/4)
 U - a phial of floods


   Skills:
 + Level 22.7 Fighting
 + Level 20.9 Maces & Flails
 - Level 3.0 Throwing
 + Level 22.7 Armour
 + Level 17.8 Dodging
 - Level 10.0 Shields
 - Level 7.0 Spellcasting
 - Level 9.0 Air Magic
 - Level 15.0 Evocations


You had 34 spell levels left.
You knew the following spells:

 Your Spells              Type           Power      Damage    Failure   Level
a - Swiftness             Air            27%        N/A       2%          3
b - Passwall              Tmut/Erth      3%         N/A       47%         2

Your spell library contained the following spells:

 Spells                   Type           Power      Damage    Failure   Level
 Shock                    Conj/Air       64%        1d7       5%          1
 Corpse Rot               Necr/Air       32%        N/A       9%          2
 Poisonous Vapours        Pois/Air       32%        N/A       9%          2
 Static Discharge         Conj/Air       16%        N/A       9%          2
 Airstrike                Air            13%        N/A       9%          4
 Animate Skeleton         Necr           8%         N/A       34%         1
 Pain                     Necr           16%        1d4       34%         1
 Sandblast                Erth           8%         2d5       34%         1
 Sting                    Tmut/Pois      16%        1d3       34%         1
 Summon Small Mammal      Summ           16%        N/A       34%         1
 Blink                    Tloc           8%         N/A       47%         2
 Ensorcelled Hibernation  Hex/Ice        8%         N/A       47%         2
 Wereblood                Tmut           4%         N/A       47%         2
 Summon Lightning Spire   Summ/Air       16%        N/A       50%         4
 Call Canine Familiar     Summ           4%         N/A       71%         3
 Lesser Beckoning         Tloc           4%         N/A       71%         3
 Ozocubu's Armour         Ice            4%         N/A       71%         3
 Portal Projectile        Hex/Tloc       8%         N/A       71%         3
 Spider Form              Tmut/Pois      4%         N/A       71%         3
 Tukima's Dance           Hex            4%         N/A       71%         3
 Vampiric Draining        Necr           4%         2d6       71%         3
 Freezing Cloud           Conj/Ice/Air   6%         6-21      96%         5
 Anguish                  Hex/Necr       2%         N/A       98%         4
 Animate Armour           Summ/Erth      8%         N/A       98%         4
 Animate Dead             Necr           2%         N/A       98%         4
 Cause Fear               Hex            2%         N/A       98%         4
 Dispel Undead            Necr           4%         3d7       98%         4
 Hailstorm                Conj/Ice       4%         3d4       98%         4
 Ice Form                 Ice/Tmut       4%         N/A       98%         4
 Leda's Liquefaction      Hex/Erth       2%         N/A       98%         4
 Petrify                  Tmut/Erth      4%         N/A       98%         4
 Sticky Flame             Conj/Fire      4%         2d3       98%         4
 Summon Ice Beast         Ice/Summ       4%         N/A       98%         4
 Alistair's Intoxication  Tmut/Pois      2%         N/A       100%        5
 Borgnjor's Vile Clutch   Necr/Erth      2%         N/A       100%        5
 Fireball                 Conj/Fire      2%         3d4       100%        5
 Irradiate                Conj/Tmut      2%         3d14      100%        5
 Iskenderun's Battlesphe  Conj           4%         2d6       100%        5
 Manifold Assault         Tloc           4%         N/A       100%        5
 Yara's Violent Unravell  Hex/Tmut       2%         3d3       100%        5
 Conjure Ball Lightning   Conj/Air       8%         3x3d6     100%        6
 Death Channel            Necr           2%         N/A       100%        6
 Iron Shot                Conj/Erth      2%         9d2       100%        6
 Simulacrum               Ice/Necr       2%         N/A       100%        6
 Starburst                Conj/Fire      2%         6d3       100%        6
 Enfeeble                 Hex            2%         N/A       100%        7
 Haunt                    Necr/Summ      2%         N/A       100%        7
 Ozocubu's Refrigeration  Ice            2%         4d5       100%        7
 Spellforged Servitor     Conj/Summ      2%         N/A       100%        7
 Summon Hydra             Summ           2%         N/A       100%        7
 Discord                  Hex            2%         N/A       100%        8
 Disjunction              Tloc           2%         N/A       100%        8
 Ignition                 Fire           2%         3d3       100%        8
 Infestation              Necr           2%         N/A       100%        8
 Shatter                  Erth           2%         3d6*      100%        9
 Sublimation of Blood     Necr           Unusable   N/A       N/A         2

Dungeon Overview and Level Annotations

Branches:
Dungeon (15/15)            Temple (1/1) D:6            Lair (6/6) D:11
  Swamp (4/4) Lair:4       Spider (4/4) Lair:3        Slime (5/5) Lair:6
    Orc (2/2) D:10            Elf (3/3) Orc:2        Vaults (5/5) D:13
  Crypt (3/3) Vaults:3       Tomb (2/3) Crypt:3      Depths (0/4) D:15
  IceCv (visited)         Volcano (visited)

Altars:
Ashenzari
Cheibriados
Dithmenos
Elyvilon
Fedhas
Gozag
Hepliaklqana
Kikubaaqudgha
Makhleb
Nemelex Xobeh
Okawaru
Qazlal
Ru
Sif Muna
Trog
Uskayaw
Vehumet
Wu Jian
Xom
Yredelemnul
Zin
The Shining One
Beogh
Jiyva

Shops:
D:4 *   D:13 !   Orc:1 (   Orc:2 ((!(!=![   Elf:1 (   Elf:2 [([   Vaults:5 (

Portals:
Pandemonium: Orc:2
Trove: D:12 (show abyssal rune of Zot)

Annotations:
D:12 3 runed translucent doors, Tutankhamun's ghost, journeyman HOFi
Slime:5 Royal Jelly


Innate Abilities, Weirdness & Mutations

You are immune to sickness and miasma.
Your stone body is resilient. (AC +20)
You are immune to poison.
Your large and strong wings let you fly.
You resist negative energy. (rN+)
You are resistant to electric shocks. (rElec)
You are resistant to unholy torment.
You are immune to petrification.
You have a pair of small antennae on your head.
You have claws for feet.
You are very agile. (Dex +4)
Your mind is very acute. (Int +4)
Your flesh is heat resistant. (rF+)
You are frail. (-10% HP)
You are strong-willed. (Will+)
You are somewhat resistant to further mutation.
You are covered in slimy tendrils that may disarm your opponents.


Message History

The emperor scorpion completely misses you.
The emperor scorpion claws you but does no damage.
The walls burn the mummy priest!
The mummy priest calls on the powers of darkness!
The emperor scorpion convulses! x8; Your body is wracked with pain!
* * * LOW HITPOINT WARNING * * *
The emperor scorpion convulses! x3; The walls burn the emperor scorpion! x2
The royal mummy gestures wildly while chanting.
The royal mummy points at you and mumbles some strange words.
Something smites you!
* * * LOW HITPOINT WARNING * * *
The walls burn the royal mummy!
The royal mummy casts a spell.
The walls burn the mummy priest!
The mummy priest mumbles some strange prayers to its god against you.
Something smites you!
* * * LOW HITPOINT WARNING * * *
The wall burns the mummy priest!
You block the emperor scorpion's attack.
The emperor scorpion barely misses you.
The emperor scorpion claws you but does no damage.
A mummy comes into view.
Blink to where?
Press: ? - help, Dir - move target
As you read the scroll of blinking, it crumbles to dust.
You no longer feel sluggish.
The walls burn the death scarab! x2; The walls burn the emperor scorpion!
The walls burn the death scarab!
The walls burn the royal mummy!
The royal mummy calls on the powers of darkness!
The emperor scorpion convulses! x11; Your body is wracked with pain!
* * * LOW HITPOINT WARNING * * *
The walls burn the mummy priest!
The walls burn the nagaraja skeleton!
The walls burn the mummy priest!
The mummy priest calls on the powers of darkness!
The emperor scorpion convulses! x11; Your body is wracked with pain!
* * * LOW HITPOINT WARNING * * *
The ettin simulacrum hits you.
* * * LOW HITPOINT WARNING * * *
The ettin simulacrum freezes you!!
You die...

*,^,,^##############'******
***+**#§MMsMM9.M.....,,,,,,
*,,,,,#sssMMssn..^...,,,,,,
*^,,,,#B9n9sMMM..M...,,,,,,
*,,^,,#.sssZn.##.....**,,,,
*,,,,,#.M.zs.###..#..##*,..
*,,,,,#MZM..###...#..M##*M.
*,,,,,#M.ZB###.........###.
*^,^,,#M..@##........§..##.
*,,.^.'...................†
***'###..............zML††.
*,,,,,#................M†M$
*,^,,,#.....##.........##†.
*,,^,,#.....##.........##†.
*,,,,,#.....##.........##.B
*,,,,,#..##.##.........##.#
*,,^,^*,,..,*#.........##s9


You could see 3 royal mummies, 11 emperor scorpions, 6 mummy priests, 3 guardian
mummies, 3 ushabtiu, a spectral naga warrior (summoned), 2 death scarabs, 3
necrophages, a flying skull, 3 mummies, an ettin simulacrum (summoned) and a
nagaraja skeleton (summoned).

Vanquished Creatures
  A dread lich (Vaults:5)
  An ancient lich (Vaults:5)
  Boris (twice) (Tomb:1 Tomb:2)
  Sojobo (Vaults:3)
  3 royal mummies (Tomb:1)
  the Lernaean hydra (Swamp:4)
  Saint Roka (Vaults:4)
  2 golden dragons (Vaults:5)
  Jory (Vaults:4)
  Arachne (Spider:4)
  2 spectral shard shrikes (Crypt:3)
  5 liches
  5 deep elf blademasters
  5 tentacled monstrosities (Vaults:5)
  2 titans (Vaults:5)
  A quicksilver dragon (Vaults:5)
  Asterion (Vaults:1)
  3 deep elf master archers
  10 sphinxes
  A tentacled starspawn (Abyss:3)
  9 ancient champions
  10 shadow dragons
  9 tengu reavers
  Roxanne (Spider:3)
  2 thorn hunters (Swamp:3)
  Donald (Spider:3)
  5 storm dragons (Vaults:5)
  A fenstrider witch (Swamp:3)
  The ghost of P0WERM0DE the Cleaver, a journeyman DDCK of Jiyva (Elf:3)
  3 revenants (Crypt:3)
  8 emperor scorpions
  A fire giant (Vaults:5)
  The ghost of Hosunepni the Eviscerator, an adept FeBe of Trog (Vaults:3)
  11 deep elf sorcerers
  3 frost giants
  4 ghost moths
  Louise (Elf:3)
  19 vault wardens
  A juggernaut zombie (Crypt:1)
  4 orc warlords
  12 deep elf elementalists
  13 ghouls
  19 very ugly things
  8 curse skulls
  16 ironbound preservers
  3 war gargoyles
  2 reapers
  2 bennus (Tomb:1)
  2 broodmothers
  5 ironbound thunderhulks
  Nessos (D:14)
  5 deep elf demonologists
  7 entropy weavers
  6 eleionomae
  4 vampire knights
  9 stone giants
  5 bunyips
  14 dire elephants
  A white draconian (IceCv)
  13 deep elf annihilators
  9 deep elf death magi
  Snorg (Lair:5)
  8 spark wasps
  15 eidola
  14 mummy priests
  3 shambling mangroves
  A merfolk javelineer (Vaults:3)
  A crystal guardian (Vaults:4)
  17 yaktaur captains
  2 merfolk impalers (Vaults:3)
  5 ettins
  18 jiangshi
  8 deep elf high priests
  Fannar (D:10)
  2 spectral spriggans (Crypt:3)
  A spriggan zombie (Crypt:1)
  Erolcha (D:11)
  A spriggan air mage (Swamp:3)
  35 vault guards
  A rakshasa (D:15)
  23 hydras
  6 boulder beetles
  A ghost crab (Swamp:3)
  2 peacekeepers (Vaults:4)
  An ogre mage (D:13)
  A jorogumo (Spider:1)
  14 centaur warriors
  2 fenstrider witch skeletons
  A catoblepas (Lair:6)
  4 ironbound frosthearts
  4 alligators
  3 death knights
  3 two-headed ogres
  4 radroaches
  Erica (Lair:1)
  26 dancing weapons
  2 tengu warriors
  10 death yaks
  A spectral stone giant (Crypt:3)
  2 demonspawn (Orc:2)
  8 orc high priests (Orc:2)
  71 death scarabs
  2 spectral storm dragons (Crypt:3)
  4 thrashing horrors (Abyss:3)
  A deep troll earth mage (Vaults:5)
  10 vampire magi
  A deep troll shaman (Lair:6)
  2 spectral dire elephants (Crypt:3)
  An iron troll (Vaults:3)
  15 deep elf knights
  5 hell knights (Vaults:5)
  A titan skeleton (Tomb:1)
  4 wretched stars (Abyss:3)
  2 sun moths (Spider:4)
  A bunyip zombie (Crypt:3)
  26 skeletal warriors
  A storm dragon skeleton (Crypt:3)
  A spectral bunyip (Crypt:3)
  11 shadow wraiths
  16 bog bodies
  13 flayed ghosts
  6 pharaoh ants
  6 goliath frogs
  7 spriggan druids
  2 spectral anacondas (Crypt:3)
  10 steelbarb worms
  44 deep trolls
  An anaconda zombie (Tomb:1)
  The ghost of Kizar the Covert, a novice SpEn of Dithmenos (D:10)
  8 swamp dragons
  13 deep elf archers
  2 spriggan simulacra
  19 phantasmal warriors
  9 lindwurms
  4 wizards
  14 orb spiders
  9 orc knights
  2 anaconda skeletons
  A bunyip skeleton (Crypt:1)
  A fenstrider witch simulacrum (Crypt:3)
  37 deep elf pyromancers
  21 ironbound convokers
  Pikel (D:4)
  8 necromancers
  17 wolf spiders
  An orange crystal statue (Vaults:3)
  5 orc sorcerers
  A frost giant zombie (D:15)
  6 cyclopes
  A fire giant zombie (D:15)
  An iron dragon zombie (Crypt:2)
  27 ugly things
  A jorogumo skeleton (Crypt:3)
  A spectral ettin (Crypt:3)
  30 deep elf zephyrmancers
  A salamander (shapeshifter) (Elf:3)
  A stone giant zombie (Crypt:1)
  2 iron dragon skeletons
  4 will-o-the-wisps
  A sphinx skeleton (D:15)
  2 moths of wrath
  3 manticores
  19 vault sentinels
  27 elephants
  A spectral centaur (Crypt:3)
  3 ice statues
  An elephant (shapeshifter) (Elf:2)
  12 black mambas
  6 torpor snails
  A smoke demon (Abyss:3)
  6 gargoyles
  3 centaur skeletons
  9 cane toads
  A death yak zombie (Crypt:3)
  An unseen horror (D:12)
  A white draconian zombie (Crypt:1)
  A pale draconian zombie (Crypt:1)
  2 yellow draconian zombies
  7 rime drakes
  A kobold demonologist (D:12)
  14 freezing wraiths
  A komodo dragon (shapeshifter) (Elf:2)
  45 yaktaurs
  A yaktaur (shapeshifter) (D:13)
  6 komodo dragons
  An iron troll zombie (Crypt:2)
  A steelbarb worm zombie (Crypt:1)
  2 tengu conjurers (D:13)
  8 demonic crawlers
  A sea snake zombie (Crypt:3)
  A spectral deep troll (Crypt:3)
  An ancient zyme (Abyss:3)
  An alligator snapping turtle skeleton (Crypt:1)
  2 spectral nagas (Crypt:3)
  A hellwing (Orc:2)
  2 harpy zombies (Crypt:1)
  3 polar bears
  6 trolls
  17 guardian mummies
  3 spectral harpies (Crypt:3)
  6 tyrant leeches
  A hornet (shapeshifter) (Elf:2)
  3 meliai (Spider:2)
  32 tarantellas
  25 hornets
  Prince Ribbit (Lair:1)
  4 dream sheep (Lair:6)
  14 blink frogs
  2 ettin zombies
  5 harpy skeletons
  A merfolk zombie (Crypt:1)
  A jumping spider (shapeshifter) (Vaults:5)
  A raiju (shapeshifter) (Elf:2)
  A culicivora (shapeshifter) (D:13)
  24 jumping spiders
  A stone giant simulacrum (Crypt:3)
  16 flying skulls
  An alligator skeleton (Volcano)
  A spectral black mamba (Crypt:3)
  A spriggan (shapeshifter) (D:15)
  31 culicivoras
  2 shadows
  A black mamba zombie (Crypt:1)
  A ynoxinul (Abyss:3)
  3 water elementals
  16 spriggans
  10 air elementals
  A fire dragon skeleton (Crypt:1)
  5 wyverns
  A centaur simulacrum (D:15)
  9 wraiths
  2 ushabtiu (Tomb:1)
  45 yaks
  A wyvern (shapeshifter) (Elf:2)
  5 fire elementals
  2 vampires (D:12)
  2 large abominations (Abyss:3)
  A black mamba skeleton (Crypt:1)
  A tyrant leech zombie (Crypt:3)
  5 basilisks
  A steam dragon (Lair:3)
  A human (D:10)
  19 vampire mosquitoes
  65 redbacks
  Grum (D:10)
  3 chaos spawn
  15 swamp worms
  Menkaure (D:6)
  9 wargs
  An acid dragon (D:12)
  2 harpy simulacra
  Edmund (D:6)
  A cane toad zombie (Crypt:1)
  18 water moccasins
  42 orc warriors
  7 swamp drakes
  2 black bears
  3 ice beasts
  A meliai simulacrum (D:14)
  A tengu (shapeshifter) (Elf:2)
  2 black mamba simulacra
  5 boggarts (D:15)
  9 ogres
  45 wolves
  2 centaurs
  9 starcursed masses (Abyss:3)
  A tengu (Vaults:1)
  A phantom (D:6)
  A manticore skeleton (Crypt:3)
  A kobold brigand (D:10)
  4 lemures (D:4)
  A naga simulacrum (Crypt:3)
  15 bullfrogs
  7 necrophages
  2 gnoll sergeants
  A scorpion (D:5)
  6 jellies
  2 earth elementals
  A warg zombie (Crypt:2)
  2 small abominations (Abyss:3)
  A troll zombie (Crypt:2)
  3 lindwurm simulacra (IceCv)
  10 killer bees
  3 troll skeletons (Volcano)
  4 spriggan skeletons
  A howler monkey (D:5)
  3 electric eels
  A crimson imp (D:12)
  4 komodo dragon simulacra (IceCv)
  A human zombie (Crypt:1)
  27 orc priests
  A bullfrog skeleton (Crypt:2)
  A hound (D:4)
  3 iguanas
  18 orc wizards
  A deep dwarf skeleton (Crypt:1)
  3 naga skeletons
  22 mummies
  11 gnolls
  6 acid dragon simulacra (IceCv)
  3 adders
  A river rat (D:3)
  2 white imps
  An ufetubus (D:15)
  6 steam dragon simulacra (IceCv)
  An adder zombie (Crypt:2)
  3 worms
  2 dart slugs
  96 orcs
  5 bats
  2 endoplasms (D:1)
  2 giant cockroaches
  A goblin (D:1)
  4 hobgoblins
  9 jackals
  5 kobolds
  3 quokkas
  2 ball pythons
  2 frilled lizards
  An orc skeleton (Crypt:2)
  7 rats
  2 briar patches (Swamp:3)
  A starspawn tentacle (Abyss:3)
2173 creatures vanquished.

Vanquished Creatures (collateral kills)
  A frost giant (Vaults:5)
  A hydra (Swamp:4)
  A vault guard (Vaults:5)
  A deep troll (Vaults:4)
  An orb spider (Spider:4)
  An ironbound convoker (Vaults:4)
  A manticore (D:12)
  A vault sentinel (Vaults:4)
  A gargoyle (Volcano)
  An acid dragon (D:9)
  A swamp drake (Swamp:4)
  2 orc warriors
  A gnoll sergeant (D:9)
  An orc priest (Vaults:4)
  3 gnolls (D:9)
  3 orcs
21 creatures vanquished.

Vanquished Creatures (others)
  A lich (Tomb:1)
  A quicksilver ooze (shapeshifter) (Vaults:5)
  An ironbound preserver (Vaults:2)
  A stone giant (shapeshifter) (Vaults:5)
  5 great orbs of eyes
  A yaktaur captain (Vaults:4)
  A boulder beetle (Spider:4)
  The ghost of Fuphuc the Martial Artist, a journeyman OpTm of Sif Muna (Lair:2)
  A dancing weapon (Elf:3)
  A death yak (shapeshifter) (Elf:1)
  A shock serpent (shapeshifter) (Vaults:5)
  A hell knight (Vaults:5)
  A deep elf knight (Elf:2)
  A goliath frog (shapeshifter) (Vaults:5)
  A glowing orange brain (shapeshifter) (Vaults:5)
  A glowing orange brain (Abyss:3)
  An orb spider (Spider:4)
  A swamp dragon (Swamp:4)
  2 ironbound convokers
  2 wizards
  A wolf spider (shapeshifter) (Vaults:5)
  A deep elf pyromancer (Elf:1)
  A cyclops (D:14)
  Maurice (D:12)
  A vault sentinel (Vaults:3)
  An eye of devastation (shapeshifter) (Vaults:5)
  2 yaktaurs
  A cane toad (Lair:6)
  A freezing wraith (Vaults:2)
  A tengu conjurer (D:13)
  A bloated husk (Swamp:2)
  A meliai (shapeshifter) (D:13)
  A troll (shapeshifter) (Vaults:5)
  22 slime creatures
  A tyrant leech (Swamp:4)
  A slime creature (shapeshifter) (Vaults:2)
  A jumping spider (Spider:4)
  A fire bat (shapeshifter) (Vaults:5)
  A golden eye (Abyss:3)
  A chaos spawn (D:14)
  3 redbacks
  2 water moccasins
  An ice beast (shapeshifter) (Elf:2)
  3 orc warriors
  2 swamp drakes (Swamp:4)
  A black bear (Lair:6)
  A wolf (Lair:3)
  A centaur (D:7)
  2 bullfrogs
  273 jellies
  2 hounds (D:6)
  5 orc priests (Orc:2)
  A gnoll shaman (D:6)
  5 orc wizards
  2 mummies (Tomb:1)
  2 adders
  2 gnolls (D:6)
  2 acid dragon simulacra (IceCv)
  A worm (D:3)
  10 orcs
  4 ball pythons
  3 hobgoblins
  2 jackals (D:2)
  4 kobolds
  A rat (D:3)
  A bush (Swamp:4)
  14 foxfires
  104 fungi
  153 plants
  A starspawn tentacle (Abyss:3)
  16 withered plants (D:15)
692 creatures vanquished.

Grand Total: 2886 creatures vanquished

Notes
Turn   | Place    | Note
-------+----------+-------------------------------------------
     0 | D:1      | Dabor the Gargoyle Fighter began the quest for the Orb.
     0 | D:1      | Reached XP level 1. HP: 14/14 MP: 1/1
   281 | D:1      | Found a faded altar of an unknown god.
   316 | D:1      | Reached XP level 2. HP: 19/19 MP: 2/2
   711 | D:1      | Reached XP level 3. HP: 22/23 MP: 3/3
   983 | D:1      | Prayed at the altar of an unknown god.
   983 | D:1      | Became a worshipper of Jiyva Jiomug the Shapeless
   983 | D:1      | Reached * piety under Jiyva
  1258 | D:2      | Reached skill level 1 in Dodging
  1288 | D:2      | Reached ** piety under Jiyva
  2209 | D:3      | Reached XP level 4. HP: 29/29 MP: 4/4
  2440 | D:3      | Reached *** piety under Jiyva
  2763 | D:4      | Gained mutation: Your body has grown eyes which may confuse
                  | attackers. (Acc +3) [Jiyva's grace]
  2763 | D:4      | Gained mutation: Your body has grown many eyes which may
                  | confuse attackers. (Acc +5) [Jiyva's grace]
  2763 | D:4      | Gained mutation: Your body is covered in eyes which may
                  | confuse attackers. (Acc +7, SInv) [Jiyva's grace]
  2763 | D:4      | Gained mutation: You are partially covered in iridescent
                  | scales. (AC +2) [Jiyva's grace]
  2836 | D:4      | Noticed a lemure
  2844 | D:4      | Noticed a lemure
  2847 | D:4      | Killed a lemure
  2847 | D:4      | Noticed Pikel
  2848 | D:4      | Noticed a lemure
  2860 | D:4      | Killed a lemure
  2862 | D:4      | Noticed a lemure
  2866 | D:4      | Killed a lemure
  2869 | D:4      | Killed a lemure
  2871 | D:4      | Killed Pikel
  2872 | D:4      | Reached skill level 5 in Fighting
  2872 | D:4      | Reached skill level 5 in Armour
  2872 | D:4      | Reached XP level 5. HP: 34/35 MP: 5/5
  2872 | D:4      | Reached XP level 6. HP: 39/40 MP: 6/6
  2872 | D:4      | Reached XP level 7. HP: 43/44 MP: 7/7
  3559 | D:4      | Found Omeu's Assorted Antiques.
  3685 | D:4      | Bought an opal ring for 115 gold pieces
  3732 | D:5      | Entered Level 5 of the Dungeon
  3847 | D:5      | Reached **** piety under Jiyva
  4329 | D:5      | Reached ***** piety under Jiyva
  4351 | D:5      | Reached XP level 8. HP: 36/51 MP: 8/8
  4551 | D:5      | Reached skill level 5 in Maces & Flails
  4624 | D:6      | Noticed Menkaure
  4630 | D:6      | Noticed Edmund
  4632 | D:6      | Killed Menkaure
  4645 | D:6      | Killed Edmund
  4729 | D:6      | Lost mutation: Your body is covered in eyes which may
                  | confuse attackers. (Acc +7, SInv) [Jiyva's grace]
  4729 | D:6      | Lost mutation: Your body has grown many eyes which may
                  | confuse attackers. (Acc +5) [Jiyva's grace]
  4729 | D:6      | Gained mutation: You passively dampen the noise of your
                  | surroundings. [Jiyva's grace]
  4729 | D:6      | Gained mutation: You are mostly covered in iridescent
                  | scales. (AC +4) [Jiyva's grace]
  4729 | D:6      | Gained mutation: You are completely covered in iridescent
                  | scales. (AC +6) [Jiyva's grace]
  4729 | D:6      | Gained mutation: You have sharp toenails. [Jiyva's grace]
  4831 | D:6      | Reached XP level 9. HP: 55/56 MP: 9/9
  5096 | D:6      | Found a staircase to the Ecumenical Temple.
  5105 | Temple   | Entered the Ecumenical Temple
  5487 | D:6      | Identified the +0 pair of boots of Zeodos {rC+}
  5521 | D:6      | Identified the +7 quarterstaff of Zexubluso {vorpal, rF+
                  | rC+ Int+3 Dex-4}
  6184 | D:7      | Found a snail-covered altar of Cheibriados.
  6728 | D:8      | Reached skill level 5 in Dodging
  6815 | D:8      | Reached ****** piety under Jiyva
  6878 | D:8      | Lost mutation: You have sharp toenails. [Jiyva's grace]
  6878 | D:8      | Lost mutation: Your body has grown eyes which may confuse
                  | attackers. (Acc +3) [Jiyva's grace]
  6878 | D:8      | Gained mutation: You are partially covered in large bone
                  | plates. (SH +4) [Jiyva's grace]
  6878 | D:8      | Gained mutation: You are mostly covered in large bone
                  | plates. (SH +6) [Jiyva's grace]
  6878 | D:8      | Gained mutation: You are completely covered in large bone
                  | plates. (SH +8) [Jiyva's grace]
  6878 | D:8      | Gained mutation: You are somewhat resistant to further
                  | mutation. [Jiyva's grace]
  7222 | D:8      | Reached skill level 1 in Evocations
  7224 | D:8      | Reached skill level 1 in Throwing
  7429 | D:9      | Found a hazy altar of Hepliaklqana.
  7429 | D:9      | Noticed a hornet
  7444 | D:9      | Killed a hornet
  7595 | D:9      | Noticed a troll
  7601 | D:9      | Killed a troll
  7602 | D:9      | Reached XP level 10. HP: 64/64 MP: 10/10
  7910 | D:10     | Entered Level 10 of the Dungeon
  7931 | D:10     | Noticed Fannar
  7965 | D:10     | Killed Fannar
  7977 | D:10     | Found a staircase to the Orcish Mines.
  8158 | D:10     | Noticed Grum
  8177 | D:10     | Killed Grum
  8348 | D:10     | Found a runed translucent door.
  8350 | D:10     | Noticed Kizar's ghost (novice SpEn)
  8353 | D:10     | Noticed a spriggan rider
  8358 | D:10     | Identified the +9 trident of the Lumpy Lives {flame, rPois
                  | rF+ Str+3 Int-2}
  8652 | D:10     | Noticed a gargoyle
  8663 | D:10     | Killed a gargoyle
  8997 | D:11     | Gained mutation: Your body has grown eyes which may confuse
                  | attackers. (Acc +3) [Jiyva's grace]
  8997 | D:11     | Gained mutation: Your body has grown many eyes which may
                  | confuse attackers. (Acc +5) [Jiyva's grace]
  8997 | D:11     | Gained mutation: Your body is covered in eyes which may
                  | confuse attackers. (Acc +7, SInv) [Jiyva's grace]
  8997 | D:11     | Gained mutation: Your muscles are strong. (Str +2) [Jiyva's
                  | grace]
  9010 | D:11     | Reached XP level 11. HP: 71/71 MP: 11/11
  9074 | D:11     | Noticed a two-headed ogre
  9082 | D:11     | Killed a two-headed ogre
  9349 | D:11     | Noticed Erolcha
  9350 | D:11     | Noticed a seven-headed hydra
  9355 | D:11     | Killed Erolcha
  9359 | D:11     | Killed a seven-headed hydra
  9383 | D:11     | Found a staircase to the Lair.
  9458 | D:12     | Identified the +8 dagger of Indomitability {elec, Str+5
                  | Dex+7}
  9462 | D:12     | Noticed a green ugly thing
  9471 | D:12     | Killed a green ugly thing
  9540 | D:12     | Noticed a cyclops
  9550 | D:12     | Killed a cyclops
  9556 | D:12     | Reached skill level 10 in Armour
  9614 | D:12     | Found a runed translucent gate.
  9617 | D:12     | Reached skill level 10 in Fighting
  9619 | D:12     | Found a runed translucent gate.
  9620 | D:12     | Found a runed translucent gate.
  9630 | D:12     | Noticed a manticore
  9636 | D:12     | Killed a manticore
  9642 | D:12     | Noticed a phantasmal warrior
  9745 | D:12     | Killed Maurice
  9814 | D:12     | Found a portal to a secret trove of treasure.
  9949 | D:12     | Found a frozen archway.
  9964 | IceCv    | Entered an ice cave
 10009 | IceCv    | Reached XP level 12. HP: 78/78 MP: 12/12
 10188 | IceCv    | Noticed a white draconian
 10222 | IceCv    | Killed a white draconian
 10254 | IceCv    | Identified the amulet of the Magpie {Spirit Regen+ MP-9
                  | Str+4}
 10531 | D:12     | Noticed a sun demon
 10596 | D:12     | Noticed an eight-headed hydra
 10606 | D:12     | Killed an eight-headed hydra
 10607 | D:12     | Reached skill level 10 in Maces & Flails
 10634 | D:12     | Noticed Tutankhamun's ghost (journeyman HOFi)
 10755 | D:10     | Killed Kizar's ghost
 10799 | D:10     | Identified a scroll of acquirement
 10800 | D:10     | Acquired the +0 pair of gloves of the Armoured One {rN+
                  | Dex+4}
 10870 | Lair:1   | Entered Level 1 of the Lair of Beasts
 10899 | Lair:1   | Noticed Prince Ribbit
 10906 | Lair:1   | Killed Prince Ribbit
 11135 | Lair:1   | Lost mutation: You are completely covered in large bone
                  | plates. (SH +8) [Jiyva's grace]
 11135 | Lair:1   | Lost mutation: Your muscles are strong. (Str +2) [Jiyva's
                  | grace]
 11135 | Lair:1   | Gained mutation: Armour fits poorly on your pseudopods.
                  | [Jiyva's grace]
 11135 | Lair:1   | Gained mutation: Armour fits poorly on your large
                  | pseudopods. [Jiyva's grace]
 11135 | Lair:1   | Gained mutation: Armour fits poorly on your massive
                  | pseudopods. [Jiyva's grace]
 11135 | Lair:1   | Gained mutation: You are somewhat resistant to both further
                  | mutation and mutation removal. [Jiyva's grace]
 11143 | Lair:1   | Noticed Erica
 11160 | Lair:1   | Killed Erica
 11666 | Lair:2   | You fall into a shaft and drop 2 floors!
 11701 | Lair:4   | Reached XP level 13. HP: 85/85 MP: 4/13
 11864 | Lair:4   | Found a dark tunnel.
 11873 | Volcano  | Entered a volcano
 12087 | Volcano  | Reached skill level 5 in Evocations
 12314 | Lair:4   | Found a staircase to the Swamp.
 12869 | Lair:2   | Killed Fuphuc's ghost
 12985 | Lair:2   | Found a runed translucent gate.
 12985 | Lair:2   | Noticed a great orb of eyes
 12987 | Lair:2   | Found a runed translucent gate.
 13018 | Lair:2   | Lost mutation: Armour fits poorly on your massive
                  | pseudopods. [Jiyva's grace]
 13018 | Lair:2   | Gained mutation: You have acidic saliva. [Jiyva's grace]
 13018 | Lair:2   | Gained mutation: Your spells are a little harder to cast,
                  | but a little more powerful. [Jiyva's grace]
 13018 | Lair:2   | Gained mutation: Your spells are harder to cast, but more
                  | powerful. [Jiyva's grace]
 13018 | Lair:2   | Gained mutation: Your spells are much harder to cast, but
                  | much more powerful. [Jiyva's grace]
 13110 | Lair:2   | Found a runed translucent gate.
 13581 | Lair:2   | Found a viscous altar of Jiyva.
 13864 | Lair:5   | Gained mutation: Your large and strong wings let you fly.
                  | [Gargoyle growth]
 13864 | Lair:5   | Reached XP level 14. HP: 92/92 MP: 5/14
 14030 | Lair:5   | Noticed Snorg
 14049 | Lair:5   | Killed Snorg
 14330 | Lair:5   | Lost mutation: You are completely covered in iridescent
                  | scales. (AC +6) [Jiyva's grace]
 14330 | Lair:5   | Lost mutation: You are mostly covered in large bone plates.
                  | (SH +6) [Jiyva's grace]
 14330 | Lair:5   | Lost mutation: You are somewhat resistant to both further
                  | mutation and mutation removal. [Jiyva's grace]
 14330 | Lair:5   | Lost mutation: You are somewhat resistant to further
                  | mutation. [Jiyva's grace]
 14330 | Lair:5   | Lost mutation: Your spells are much harder to cast, but
                  | much more powerful. [Jiyva's grace]
 14330 | Lair:5   | Lost mutation: Armour fits poorly on your large pseudopods.
                  | [Jiyva's grace]
 14330 | Lair:5   | Lost mutation: You passively dampen the noise of your
                  | surroundings. [Jiyva's grace]
 14330 | Lair:5   | Gained mutation: Your melee attacks may engulf your foes in
                  | ooze. [Jiyva's grace]
 14330 | Lair:5   | Gained mutation: You are covered in slimy tendrils that may
                  | disarm your opponents. [Jiyva's grace]
 14330 | Lair:5   | Gained mutation: You are somewhat resistant to further
                  | mutation. [Jiyva's grace]
 14330 | Lair:5   | Gained mutation: You are somewhat resistant to both further
                  | mutation and mutation removal. [Jiyva's grace]
 14415 | Lair:6   | Entered Level 6 of the Lair of Beasts
 14474 | Lair:6   | Reached skill level 10 in Dodging
 14841 | Lair:6   | Noticed a dire elephant
 14877 | Lair:6   | Killed a dire elephant
 15054 | Lair:6   | Reached XP level 15. HP: 98/100 MP: 6/15
 15119 | Lair:6   | Identified the +5 whip of Courage {vorpal, Dex+7}
 15262 | Lair:6   | Found a staircase to the Slime Pits.
 15704 | Slime:1  | Entered Level 1 of the Pits of Slime
 15716 | Slime:1  | Noticed a rockslime
 15759 | Slime:1  | Noticed an acid blob
 16169 | Slime:2  | Noticed a rockslime
 16222 | Slime:2  | Noticed an acid blob
 16270 | Slime:3  | Noticed an acid blob
 16280 | Slime:3  | Noticed an acid blob
 16329 | Slime:3  | Noticed a rockslime
 16348 | Slime:3  | Noticed an acid blob
 16370 | Slime:3  | Noticed an azure jelly
 16607 | Slime:5  | Entered Level 5 of the Pits of Slime
 16614 | Slime:5  | Noticed a rockslime
 16650 | Slime:5  | Noticed an acid blob
 16682 | Slime:5  | Noticed an azure jelly
 16701 | Slime:5  | Noticed an acid blob
 16713 | Slime:5  | Noticed an acid blob
 16719 | Slime:5  | Noticed an acid blob
 16720 | Slime:5  | Found a viscous altar of Jiyva.
 16720 | Slime:5  | Found the ring of the Hare {EV+8}
 16723 | Slime:5  | Noticed an acid blob
 16727 | Slime:5  | Got a slimy rune of Zot
 16728 | Slime:5  | Identified the +1 scale mail of Parts Unknown {rF++ Int-5
                  | Dex+4 SInv}
 16732 | Slime:5  | Got the Guide on the Oath and Summoning
 16749 | Slime:5  | Identified the +5 halberd of the Oily God {drain, Fragile
                  | rCorr MP+9 Str-4}
 16764 | Slime:5  | Noticed an acid blob
 16772 | Slime:5  | Noticed an acid blob
 16862 | Slime:5  | Noticed the Royal Jelly
 16907 | Slime:5  | Noticed an acid blob
 17081 | Swamp:1  | Entered Level 1 of the Swamp
 17081 | Swamp:1  | Lost mutation: You are partially covered in large bone
                  | plates. (SH +4) [Jiyva's grace]
 17081 | Swamp:1  | Lost mutation: You are somewhat resistant to both further
                  | mutation and mutation removal. [Jiyva's grace]
 17081 | Swamp:1  | Lost mutation: You have acidic saliva. [Jiyva's grace]
 17081 | Swamp:1  | Lost mutation: Your body is covered in eyes which may
                  | confuse attackers. (Acc +7, SInv) [Jiyva's grace]
 17081 | Swamp:1  | Lost mutation: You are covered in slimy tendrils that may
                  | disarm your opponents. [Jiyva's grace]
 17081 | Swamp:1  | Gained mutation: You have a small jelly attached to you
                  | that may absorb projectiles. [Jiyva's grace]
 17081 | Swamp:1  | Gained mutation: You are covered in slimy tendrils that may
                  | disarm your opponents. [Jiyva's grace]
 17081 | Swamp:1  | Gained mutation: Your spells are much harder to cast, but
                  | much more powerful. [Jiyva's grace]
 17081 | Swamp:1  | Gained mutation: Armour fits poorly on your large
                  | pseudopods. [Jiyva's grace]
 18513 | Swamp:3  | Noticed a fenstrider witch
 18520 | Swamp:3  | Killed a fenstrider witch
 18532 | Swamp:3  | Noticed a thorn hunter
 18553 | Swamp:3  | Killed a thorn hunter
 18563 | Swamp:3  | Reached skill level 15 in Armour
 18563 | Swamp:3  | Noticed a ghoul
 18564 | Swamp:3  | Noticed a ghoul
 18566 | Swamp:3  | Noticed a ghoul
 18585 | Swamp:3  | Killed a ghoul
 18586 | Swamp:3  | Reached skill level 15 in Fighting
 18593 | Swamp:3  | Killed a ghoul
 18594 | Swamp:3  | Reached XP level 16. HP: 108/108 MP: 7/16
 18814 | Swamp:3  | Noticed a thorn hunter
 18825 | Swamp:3  | Killed a thorn hunter
 18877 | Swamp:3  | Lost mutation: You are mostly covered in iridescent scales.
                  | (AC +4) [Jiyva's grace]
 18877 | Swamp:3  | Lost mutation: You are partially covered in iridescent
                  | scales. (AC +2) [Jiyva's grace]
 18877 | Swamp:3  | Lost mutation: Your spells are much harder to cast, but
                  | much more powerful. [Jiyva's grace]
 18877 | Swamp:3  | Lost mutation: Your spells are harder to cast, but more
                  | powerful. [Jiyva's grace]
 18877 | Swamp:3  | Lost mutation: Your body has grown many eyes which may
                  | confuse attackers. (Acc +5) [Jiyva's grace]
 18877 | Swamp:3  | Lost mutation: Armour fits poorly on your large pseudopods.
                  | [Jiyva's grace]
 18877 | Swamp:3  | Gained mutation: You have acidic saliva. [Jiyva's grace]
 18877 | Swamp:3  | Gained mutation: You expend magic power (3 MP) to
                  | strengthen your wands. [Jiyva's grace]
 18877 | Swamp:3  | Gained mutation: Your muscles are strong. (Str +2) [Jiyva's
                  | grace]
 18877 | Swamp:3  | Gained mutation: Your muscles are very strong. (Str +4)
                  | [Jiyva's grace]
 19224 | Swamp:4  | Entered Level 4 of the Swamp
 19439 | Swamp:4  | Identified the +2 pair of boots of the Scribe {rElec rN+++
                  | Dex+2 Stlth-}
 19585 | Swamp:4  | Was placed under penance by Jiyva
 19739 | Swamp:4  | Was forgiven by Jiyva
 19749 | Swamp:4  | Identified the +6 quarterstaff of the King {venom, rCorr
                  | SInv Stlth+}
 19777 | Swamp:4  | Noticed the 27-headed Lernaean hydra
 19793 | Swamp:4  | Killed the 27-headed Lernaean hydra
 19848 | Swamp:4  | Got a decaying rune of Zot
 20262 | Lair:3   | Found a hole to the Spider Nest.
 21015 | Orc:1    | Entered Level 1 of the Orcish Mines
 21179 | Orc:2    | Entered Level 2 of the Orcish Mines
 21220 | Orc:2    | Found Ruxtiol's Distillery.
 21393 | Orc:1    | Found Mudghi's Weapon Shop.
 21554 | Orc:2    | Bought 2 potions of might for 136 gold pieces
 21619 | Orc:2    | Found Peysm's Antique Weapon Emporium.
 21624 | Orc:2    | Found Plog's Antique Weapon Shop.
 21627 | Orc:2    | Bought a runed morningstar for 245 gold pieces
 21718 | Orc:2    | Found Pioci's Distillery.
 21740 | Orc:2    | Reached XP level 17. HP: 90/115 MP: 8/17
 21755 | Orc:2    | Found Bum Rauggesk's Distillery.
 21789 | Orc:2    | Bought 2 potions of heal wounds for 160 gold pieces
 21791 | Orc:2    | Bought 2 potions of berserk rage for 140 gold pieces
 21897 | Orc:2    | Found Zaudghats's Armour Emporium.
 21908 | Orc:2    | Found a staircase to the Elven Halls.
 22193 | Orc:2    | Reached skill level 15 in Maces & Flails
 22221 | Orc:2    | Found Akhlisih's Antique Weapon Shop.
 22221 | Orc:2    | Found Taesten's Jewellery Boutique.
 22221 | Orc:2    | Found a one-way gate leading to the halls of Pandemonium.
 22408 | Spider:1 | Entered Level 1 of the Spider Nest
 22686 | Spider:1 | Lost mutation: Your body has grown eyes which may confuse
                  | attackers. (Acc +3) [Jiyva's grace]
 22686 | Spider:1 | Lost mutation: Armour fits poorly on your pseudopods.
                  | [Jiyva's grace]
 22686 | Spider:1 | Gained mutation: You are partially covered in iridescent
                  | scales. (AC +2) [Jiyva's grace]
 22686 | Spider:1 | Gained mutation: You are mostly covered in iridescent
                  | scales. (AC +4) [Jiyva's grace]
 22686 | Spider:1 | Gained mutation: You are completely covered in iridescent
                  | scales. (AC +6) [Jiyva's grace]
 22686 | Spider:1 | Gained mutation: You possess an exceptional clarity of
                  | mind. [Jiyva's grace]
 23833 | Spider:2 | Identified the +5 dagger "Zujoeges" {flame, rPois Int+4
                  | Dex-5}
 24220 | Spider:3 | Noticed Roxanne
 24239 | Spider:3 | Reached XP level 18. HP: 124/124 MP: 9/18
 24499 | Spider:3 | Killed Roxanne
 24523 | Spider:3 | Learned a level 3 spell: Swiftness
 24571 | Spider:3 | Lost mutation: You are completely covered in iridescent
                  | scales. (AC +6) [Jiyva's grace]
 24571 | Spider:3 | Lost mutation: You are mostly covered in iridescent scales.
                  | (AC +4) [Jiyva's grace]
 24571 | Spider:3 | Lost mutation: You have a small jelly attached to you that
                  | may absorb projectiles. [Jiyva's grace]
 24571 | Spider:3 | Gained mutation: You have an increased reservoir of magic.
                  | (+10% MP) [Jiyva's grace]
 24571 | Spider:3 | Gained mutation: You have a considerably increased
                  | reservoir of magic. (+20% MP) [Jiyva's grace]
 24571 | Spider:3 | Gained mutation: You have a greatly increased reservoir of
                  | magic. (+30% MP) [Jiyva's grace]
 24571 | Spider:3 | Gained mutation: Your mind is acute. (Int +2) [Jiyva's
                  | grace]
 24689 | Spider:3 | Noticed Donald
 24720 | Spider:3 | Killed Donald
 24728 | Spider:3 | Reached skill level 1 in Air Magic
 24755 | Spider:3 | Reached skill level 1 in Spellcasting
 25126 | Spider:4 | Entered Level 4 of the Spider Nest
 25294 | Spider:4 | Noticed Arachne
 25491 | Spider:4 | Killed Arachne
 25819 | Spider:4 | Reached skill level 5 in Shields
 25927 | Spider:4 | Got a gossamer rune of Zot
 26480 | Elf:1    | Entered Level 1 of the Elven Halls
 26548 | Elf:1    | Reached XP level 19. HP: 130/130 MP: 22/31
 26733 | Elf:1    | Paralysed by an air elemental for 1 turns
 26752 | Elf:1    | Found Goededitz's Weapon Boutique.
 27077 | Elf:1    | Paralysed by an air elemental for 1 turns
 27129 | Elf:1    | Paralysed by an air elemental for 1 turns
 27318 | Elf:1    | Got the Disquisition on Damage Dealing and Calling
 27461 | Elf:2    | Lost mutation: You have acidic saliva. [Jiyva's grace]
 27461 | Elf:2    | Gained mutation: You have acidic saliva. [Jiyva's grace]
 27461 | Elf:2    | Gained mutation: Armour fits poorly on your pseudopods.
                  | [Jiyva's grace]
 27461 | Elf:2    | Gained mutation: Armour fits poorly on your large
                  | pseudopods. [Jiyva's grace]
 27461 | Elf:2    | Gained mutation: Armour fits poorly on your massive
                  | pseudopods. [Jiyva's grace]
 27525 | Elf:2    | Paralysed by an air elemental for 1 turns
 27601 | Elf:2    | Noticed a Brimstone Fiend
 27607 | Elf:2    | Cast into level 3 of the Abyss (a deep elf demonologist)
 27770 | Abyss:3  | Paralysed by accursed screaming for 1 turns
 27788 | Abyss:3  | Paralysed by accursed screaming for 1 turns
 27868 | Elf:2    | Escaped the Abyss
 28127 | Elf:2    | Found a runed translucent gate.
 28129 | Elf:2    | Found a runed translucent gate.
 28131 | Elf:2    | Found a runed translucent gate.
 28190 | Elf:2    | Found Qafagiso's Antique Weapon Shop.
 28208 | Elf:2    | Found Poem's Antique Armour Shop.
 28219 | Elf:2    | Bought a cloak for 103 gold pieces
 28311 | Elf:2    | Found Utoeseb's Antique Armour Emporium.
 28882 | Elf:3    | Entered Level 3 of the Elven Halls
 28904 | Elf:3    | Found a runed translucent gate.
 28904 | Elf:3    | Found a runed translucent gate.
 28904 | Elf:3    | Found a runed translucent gate.
 28915 | Elf:3    | Noticed P0WERM0DE's ghost (journeyman DDCK)
 29133 | Elf:3    | Reached skill level 5 in Spellcasting
 29155 | Elf:3    | Identified the ring of Knowledge {rF+ Will++ Str+3}
 29164 | Elf:3    | Noticed a Tzitzimitl
 29165 | Elf:3    | Reached XP level 20. HP: 137/137 MP: 26/35
 29261 | Elf:3    | Reached skill level 5 in Air Magic
 29263 | Elf:3    | Identified the +7 great sword of Defoh {freeze, Drain Will+
                  | Dex+6}
 29263 | Elf:3    | Noticed Louise
 29290 | Elf:3    | Killed Louise
 29300 | Elf:3    | Identified the +3 leather armour of Idealism {rN+ Will+
                  | Int-3 Slay+2}
 29319 | Elf:3    | Got Sif Muna's Grimoire of Earthen Poison
 29355 | Elf:3    | Reached skill level 10 in Evocations
 29444 | Elf:3    | Identified the +8 hand crossbow "Malir" {penet, Str+5}
 29540 | Elf:3    | Got the Compendium of the Last Souls
 29705 | Elf:3    | Paralysed by an air elemental for 1 turns
 29809 | Elf:3    | Identified the +0 cloak of the Smoking Gods {rN++ MP-9
                  | Str+3 Dex-4}
 29860 | Elf:3    | Paralysed by a Zot trap for 4 turns
 29877 | Elf:3    | Killed P0WERM0DE's ghost
 30296 | D:13     | Found Tuebia's Distillery.
 30313 | D:13     | Bought a potion of haste for 170 gold pieces
 30313 | D:13     | Bought a potion of heal wounds for 85 gold pieces
 30313 | D:13     | Bought a potion of heal wounds for 85 gold pieces
 30313 | D:13     | Bought a potion of resistance for 170 gold pieces
 30452 | D:13     | Lost mutation: Your spells are a little harder to cast, but
                  | a little more powerful. [Jiyva's grace]
 30452 | D:13     | Lost mutation: Armour fits poorly on your massive
                  | pseudopods. [Jiyva's grace]
 30452 | D:13     | Gained mutation: Your flesh is heat resistant. (rF+)
                  | [Jiyva's grace]
 30452 | D:13     | Gained mutation: Your flesh is very heat resistant. (rF++)
                  | [Jiyva's grace]
 30452 | D:13     | Gained mutation: Your flesh is almost immune to the effects
                  | of heat. (rF+++) [Jiyva's grace]
 30452 | D:13     | Gained mutation: You are robust. (+10% HP) [Jiyva's grace]
 30575 | D:13     | Identified the +12 quick blade of Fate {flame, rN+ Dex+4}
 30606 | D:13     | Found a gate to the Vaults.
 31080 | D:14     | Noticed Nessos
 31084 | D:14     | Killed Nessos
 31351 | D:14     | Found a shimmering altar of Xom.
 31357 | D:14     | Found the +7 mace of Variability {chain chaos}
 31738 | D:15     | Entered Level 15 of the Dungeon
 31789 | D:15     | Found a staircase to the Depths.
 31878 | D:15     | Reached XP level 21. HP: 158/158 MP: 29/38
 32603 | D:15     | Lost mutation: You possess an exceptional clarity of mind.
                  | [Jiyva's grace]
 32603 | D:15     | Lost mutation: Your flesh is almost immune to the effects
                  | of heat. (rF+++) [Jiyva's grace]
 32603 | D:15     | Lost mutation: Your flesh is very heat resistant. (rF++)
                  | [Jiyva's grace]
 32603 | D:15     | Lost mutation: You have a greatly increased reservoir of
                  | magic. (+30% MP) [Jiyva's grace]
 32603 | D:15     | Lost mutation: Armour fits poorly on your large pseudopods.
                  | [Jiyva's grace]
 32603 | D:15     | Gained mutation: You have a greatly increased reservoir of
                  | magic. (+30% MP) [Jiyva's grace]
 32603 | D:15     | Gained mutation: You have a pair of small antennae on your
                  | head. [Jiyva's grace]
 32603 | D:15     | Gained mutation: You have a pair of antennae on your head.
                  | [Jiyva's grace]
 32603 | D:15     | Gained mutation: You have a pair of large antennae on your
                  | head. (SInv) [Jiyva's grace]
 32889 | Vaults:1 | Entered Level 1 of the Vaults
 33400 | Vaults:1 | Identified the +3 helmet of the Forsaken Tables {rElec}
 33754 | Vaults:1 | Reached skill level 15 in Dodging
 33797 | Vaults:1 | Noticed Asterion
 33829 | Vaults:1 | Killed Asterion
 34842 | Vaults:2 | Lost mutation: You have a pair of large antennae on your
                  | head. (SInv) [Jiyva's grace]
 34842 | Vaults:2 | Lost mutation: Your mind is acute. (Int +2) [Jiyva's grace]
 34842 | Vaults:2 | Lost mutation: You are somewhat resistant to further
                  | mutation. [Jiyva's grace]
 34842 | Vaults:2 | Lost mutation: Your muscles are very strong. (Str +4)
                  | [Jiyva's grace]
 34842 | Vaults:2 | Lost mutation: Your muscles are strong. (Str +2) [Jiyva's
                  | grace]
 34842 | Vaults:2 | Lost mutation: Your melee attacks may engulf your foes in
                  | ooze. [Jiyva's grace]
 34842 | Vaults:2 | Gained mutation: You are agile. (Dex +2) [Jiyva's grace]
 34842 | Vaults:2 | Gained mutation: You are very agile. (Dex +4) [Jiyva's
                  | grace]
 34842 | Vaults:2 | Gained mutation: Your rubbery body absorbs attacks. (AC +1,
                  | EV +1) [Jiyva's grace]
 34842 | Vaults:2 | Gained mutation: Your pliable body absorbs attacks. (AC +2,
                  | EV +2) [Jiyva's grace]
 35071 | Vaults:2 | Reached XP level 22. HP: 146/165 MP: 27/42
 35589 | Vaults:2 | Found a huge runed gate.
 35589 | Vaults:2 | Found a huge runed gate.
 35591 | Vaults:2 | Found a huge runed gate.
 35592 | Vaults:2 | Found a huge runed gate.
 35593 | Vaults:2 | Found a huge runed gate.
 35593 | Vaults:2 | Found a huge runed gate.
 35593 | Vaults:2 | Found a huge runed gate.
 35594 | Vaults:2 | Found a huge runed gate.
 35594 | Vaults:2 | Found a huge runed gate.
 35594 | Vaults:2 | Found a huge runed gate.
 35752 | Vaults:3 | Noticed Sojobo
 35772 | Vaults:3 | Paralysed by an air elemental for 1 turns
 35785 | Vaults:3 | Paralysed by an air elemental for 1 turns
 35793 | Vaults:3 | Paralysed by an air elemental for 1 turns
 35800 | Vaults:3 | Killed Sojobo
 35871 | Vaults:3 | Found a runed translucent gate.
 35871 | Vaults:3 | Found a runed translucent gate.
 35872 | Vaults:3 | Found a runed translucent gate.
 35872 | Vaults:3 | Noticed Hosunepni's ghost (adept FeBe)
 35874 | Vaults:3 | Found an iron altar of Okawaru.
 35902 | Vaults:3 | Found a staircase to the Crypt.
 36513 | Vaults:3 | Found a transporter.
 36526 | Vaults:3 | Found a transporter.
 36594 | Vaults:3 | Identified the -4 pair of boots of the Dripping Gods
                  | {Dex+7}
 36812 | Vaults:3 | Lost mutation: You have a pair of antennae on your head.
                  | [Jiyva's grace]
 36812 | Vaults:3 | Lost mutation: You have a greatly increased reservoir of
                  | magic. (+30% MP) [Jiyva's grace]
 36812 | Vaults:3 | Lost mutation: You have a considerably increased reservoir
                  | of magic. (+20% MP) [Jiyva's grace]
 36812 | Vaults:3 | Gained mutation: You have supernaturally acute eyesight.
                  | (SInv) [Jiyva's grace]
 36812 | Vaults:3 | Gained mutation: You have a pair of antennae on your head.
                  | [Jiyva's grace]
 36812 | Vaults:3 | Gained mutation: You have a pair of large antennae on your
                  | head. (SInv) [Jiyva's grace]
 36812 | Vaults:3 | Gained mutation: You have large cloven feet. [Jiyva's
                  | grace]
 36939 | Vaults:3 | Killed Hosunepni's ghost
 37055 | Vaults:4 | Noticed Jory
 37069 | Vaults:4 | Killed Jory
 37127 | Vaults:4 | Learned a level 2 spell: Passwall
 37780 | Vaults:4 | Noticed Saint Roka
 37828 | Vaults:4 | Killed Saint Roka
 37897 | Vaults:4 | Reached XP level 23. HP: 172/172 MP: 27/36
 38576 | Vaults:5 | Entered Level 5 of the Vaults
 38577 | Vaults:5 | Noticed a golden dragon
 38614 | Vaults:5 | Killed a golden dragon
 38672 | Vaults:5 | Noticed a golden dragon
 38726 | Vaults:5 | Killed a golden dragon
 38743 | Vaults:5 | Noticed a caustic shrike
 38743 | Vaults:5 | an iron dragon changed into a caustic shrike
 38744 | Vaults:5 | a caustic shrike changed into a shadow dragon
 38745 | Vaults:5 | Noticed a caustic shrike
 38745 | Vaults:5 | a shadow dragon changed into a caustic shrike
 39033 | Vaults:5 | Identified the ring of Voris {Will+ Int+2}
 39040 | Vaults:5 | Identified the +0 hand crossbow of Devotion {penet, Int+2}
 39043 | Vaults:5 | Found Etofam's Antique Weapon Shoppe.
 39043 | Vaults:5 | Identified the +8 rapier "Duyr" {flame, Contam rPois
                  | Will++}
 39136 | Vaults:5 | Noticed an ancient lich
 39138 | Vaults:5 | Noticed a dread lich
 39154 | Vaults:5 | Killed an ancient lich
 39155 | Vaults:5 | Reached XP level 24. HP: 89/180 MP: 14/36
 39167 | Vaults:5 | Killed a dread lich
 39510 | Vaults:5 | Reached skill level 10 in Shields
 40024 | Vaults:5 | Got a silver rune of Zot
 40135 | Vaults:5 | Lost mutation: You have a pair of large antennae on your
                  | head. (SInv) [Jiyva's grace]
 40135 | Vaults:5 | Lost mutation: You are partially covered in iridescent
                  | scales. (AC +2) [Jiyva's grace]
 40135 | Vaults:5 | Lost mutation: You are very agile. (Dex +4) [Jiyva's grace]
 40135 | Vaults:5 | Lost mutation: You are robust. (+10% HP) [Jiyva's grace]
 40135 | Vaults:5 | Lost mutation: You have acidic saliva. [Jiyva's grace]
 40135 | Vaults:5 | Lost mutation: You expend magic power (3 MP) to strengthen
                  | your wands. [Jiyva's grace]
 40135 | Vaults:5 | Gained mutation: Your mind is acute. (Int +2) [Jiyva's
                  | grace]
 40135 | Vaults:5 | Gained mutation: Your mind is very acute. (Int +4) [Jiyva's
                  | grace]
 40135 | Vaults:5 | Gained mutation: You are somewhat resistant to further
                  | mutation. [Jiyva's grace]
 40135 | Vaults:5 | Gained mutation: You are somewhat resistant to both further
                  | mutation and mutation removal. [Jiyva's grace]
 40334 | Crypt:1  | Entered Level 1 of the Crypt
 41227 | Crypt:1  | Identified the +0 robe "Cusm" {rC+ rN+ Int+2 Dex+4}
 41878 | Crypt:2  | Identified the +1 plate armour "Etydu" {rElec rN+}
 42418 | Crypt:2  | Lost mutation: You are agile. (Dex +2) [Jiyva's grace]
 42418 | Crypt:2  | Lost mutation: You are somewhat resistant to both further
                  | mutation and mutation removal. [Jiyva's grace]
 42418 | Crypt:2  | Lost mutation: Your pliable body absorbs attacks. (AC +2,
                  | EV +2) [Jiyva's grace]
 42418 | Crypt:2  | Lost mutation: Your rubbery body absorbs attacks. (AC +1,
                  | EV +1) [Jiyva's grace]
 42418 | Crypt:2  | Lost mutation: Armour fits poorly on your pseudopods.
                  | [Jiyva's grace]
 42418 | Crypt:2  | Gained mutation: You are agile. (Dex +2) [Jiyva's grace]
 42418 | Crypt:2  | Gained mutation: You are very agile. (Dex +4) [Jiyva's
                  | grace]
 42418 | Crypt:2  | Gained mutation: You have a small jelly attached to you
                  | that senses nearby items. [Jiyva's grace]
 42418 | Crypt:2  | Gained mutation: You are strong-willed. (Will+) [Jiyva's
                  | grace]
 42757 | Crypt:3  | Entered Level 3 of the Crypt
 42980 | Crypt:3  | Reached XP level 25. HP: 128/172 MP: 21/36
 42995 | Crypt:3  | Found a staircase to the Tomb.
 43565 | Crypt:3  | Found the brooch of Shielding {Spirit SH+8}
 43674 | Crypt:3  | Found the +7 great mace "Undeadhunter" {disrupt, rN+}
 43695 | Crypt:3  | Identified the +7 dire flail "Aczainna" {vorpal, Str+4}
 43714 | Crypt:3  | Identified the +6 hunting sling of Wu Jian, Singing
                  | {freeze, Contam rElec Stlth+}
 44339 | Crypt:3  | Identified the +1 leather armour of Trial and Error {rElec
                  | rPois}
 44401 | Tomb:1   | Entered Level 1 of the Tomb of the Ancients
 44559 | Tomb:1   | Noticed Boris
 44585 | Tomb:1   | Killed Boris
 44732 | Tomb:1   | Noticed a royal mummy
 44781 | Tomb:1   | Killed a royal mummy
 44891 | Tomb:1   | Lost mutation: You have a pair of antennae on your head.
                  | [Jiyva's grace]
 44891 | Tomb:1   | Lost mutation: You have large cloven feet. [Jiyva's grace]
 44891 | Tomb:1   | Lost mutation: You have supernaturally acute eyesight.
                  | (SInv) [Jiyva's grace]
 44891 | Tomb:1   | Lost mutation: Your mind is very acute. (Int +4) [Jiyva's
                  | grace]
 44891 | Tomb:1   | Lost mutation: You have an increased reservoir of magic.
                  | (+10% MP) [Jiyva's grace]
 44891 | Tomb:1   | Lost mutation: You have a small jelly attached to you that
                  | senses nearby items. [Jiyva's grace]
 44891 | Tomb:1   | Gained mutation: Your mind is very acute. (Int +4) [Jiyva's
                  | grace]
 44891 | Tomb:1   | Gained mutation: You have sharp toenails. [Jiyva's grace]
 44891 | Tomb:1   | Gained mutation: You have razor-sharp toenails. [Jiyva's
                  | grace]
 44891 | Tomb:1   | Gained mutation: You have claws for feet. [Jiyva's grace]
 45067 | Tomb:1   | Noticed a royal mummy
 45144 | Tomb:1   | Reached skill level 15 in Evocations
 45163 | Tomb:1   | Killed a royal mummy
 45173 | Tomb:1   | Gained mutation: You are frail. (-10% HP) [a neqoxec]
 45617 | Tomb:1   | Reached XP level 26. HP: 138/162 MP: 20/33
 45699 | Tomb:1   | Got the Grimoire of Dusty Beguiling
 45865 | Tomb:2   | Noticed a royal mummy
 45876 | Tomb:2   | Noticed Boris
 45912 | Tomb:2   | Noticed a royal mummy
 45915 | Tomb:2   | Noticed a royal mummy
 45917 | Tomb:2   | Killed Boris
 45928 | Tomb:1   | Killed a royal mummy
 45963 | Tomb:2   | Noticed a royal mummy
 45995 | Tomb:2   | Identified the +7 chain mail "Robligam" {Str+4}
 46001 | Tomb:2   | Demolished by an ettin simulacrum

Illustrated notes

Levels and vault maps discovered:
D:1:      erik_arrival_blinker_ship, layout_rooms,
          dilly_ecumenical_altar_fadedgnrine
D:2:      layout_basic, minmay_heptomino_d4
D:3:      layout_basic, portal_sewer_entry_b
D:4:      nicolae_cairo_tiling, layout_basic, serial_shops, shop, uniq_pikel
D:5:      layout_gridville
D:6:      layout_layer_cave, minmay_temple_entry_waves, uniq_edmund,
          uniq_menkaure
D:7:      layout_rooms, kennysheep_slug_shrine, nrook_mini_vaults,
          grunt_decor_resistance, roderic_serpentine_path
D:8:      layout_basic, minmay_liquid_box, corexii_corridor_pit
D:9:      layout_roguey, mainiacjoe_overflow_catwalk, special_room
          [special_room_orc]
D:10:     layout_roguey, erik_orc_4, ebering_ghost_funeral_grove, uniq_fannar,
          uniq_grum
D:11:     layout_long_grid, lair_entry_dummy, uniq_erolcha
D:12:     layout_gridville, portal_ice_cave_rime, trove_entry_hex_spiral,
          gammafunk_ghost_spectres, chequers_garden, hangedman_stone_soup,
          uniq_maurice
D:13:     layout_roguey, grunt_vaults_entry_fortified, serial_shops, shop,
          minmay_pinched_square
D:14:     layout_cave_pods, serial_bayou_pond_e, minivault_16,
          minmay_guarded_unrand_variability, uniq_nessos
D:15:     gammafunk_depths_entry_grave, layout_layer_cave,
          minmay_misc_feat_encased, serial_ice, serial_ice_o, serial_ice_l,
          serial_ice_m, serial_ice_d
Temple:   regret_index_temple_chain_breaker
Lair:1:   layout_chaotic_city, uniq_erica, uniq_prince_ribbit2
Lair:2:   layout_chaotic_city, gammafunk_ghost_ooze,
          grunt_forest_stairs_clearing, serial_bayou_shore_a
Lair:3:   layout_layer_cave, spider_nest_entry_rubble, serial_bayou,
          serial_bayou_pond_a, serial_bayou_shore_b, serial_bayou_pond_d,
          serial_bayou_lagoon_a, chequers_serial_rivers_micro_c,
          beast_lair_carwin_6
Lair:4:   layout_big_grid, swamp_mist, nicolae_volcano_entry_vermiform,
          grunt_megastairs_4
Lair:5:   layout_regular_city, grunt_megastairs_2, lemuel_fruit_tree, uniq_snorg
Lair:6:   grunt_lair_end_beastmaster, layout_regular_city,
          dpeg_slime_entry_corner, grunt_forest_large_clearings
Swamp:1:  layout_basic_swamp, nicolae_swamp_tree_isthmus,
          infiniplex_staircase_pool
Swamp:2:  layout_basic_swamp, nicolae_swamp_well_well_well,
          nicolae_swamp_hydra_murder_den
Swamp:3:  layout_basic_swamp, serial_swamp_ruin, evilmike_swamp_ruin_house_2,
          evilmike_swamp_ruin_house_3, swamp_pool3
Swamp:4:  grunt_swamp_rune_castle, layout_basic_swamp
Spider:1: nicolae_spider_corner
Spider:2: layout_cave_pods, drop_trap, nicolae_spider_cling_halls
Spider:3: layout_spider_delve, hellmonk_spider_spawner, uniq_donald,
          uniq_roxanne
Spider:4: spider_rune_water, hangedman_stitches_earthworm, uniq_arachne
Slime:1:  layout_caves, nicolae_slime_phagocytosis
Slime:2:  layout_caves
Slime:3:  layout_caves
Slime:4:  layout_caves
Slime:5
Orc:1:    layout_diamond_mine, serial_shops, shop_fountains,
          nicolae_orc_sculptors_studio
Orc:2:    pf_orc_diabolical, layout_caves, basic_altar, serial_shops,
          shop_fountains, nicolae_shop_statue_plus, shop,
          nicolae_shop_temple_entry_statues_fountains
Elf:1:    minmay_elf_arrival_circle, layout_geoelf_octagon, serial_shops, shop,
          minmay_elf_sorcery
Elf:2:    elven_hall_of_blades_hangedman_original
          [nicolae_blade_entry_floor_patterns], layout_onion_city, serial_shops,
          shop, shop, nicolae_shop_crystal, nicolae_elf_shapeshifter_party
Elf:3:    nooodl_elf_gasket, layout_gridlike, gammafunk_ghost_tricky_traps,
          uniq_louise
Vaults:1: v_alt_pattern_2, dpeg_vaults_monster_row, hangedman_vaults_hat,
          v_misc_28, nicolae_vaults_little_squares_4, nicolae_vaults_theta,
          vaults_dpeg_diagonal, vaults_mumra_hexcomb,
          nicolae_vaults_shelves_hall, vaults_standard_mumra_lines,
          layout_vaults_omnigrid, uniq_asterion
Vaults:2: vaults_mumra_minichess, v_misc_25, vaults_room_boxed,
          vaults_mumra_hex, v_alt_pattern_1,
          vaults_standard_mumra_enter_the_diamond, hangedman_vaults_slither,
          v_pattern_3, door_vault, layout_vaults_omnicross
Vaults:3: gammafunk_ghost_fury_of_okawaru, hangedman_vaults_trim,
          hangedman_vaults_snaps, grunt_vaults_hallway_short,
          nicolae_vaults_disjoint_gnomons, minmay_crypt_entry_simple_corners,
          v_misc_31, grunt_vaults_diagonal, nicolae_vaults_little_squares_1,
          gammafunk_sealed_arena, nicolae_vaults_ring_of_whatevers,
          nicolae_vaults_little_squares_2, vaults_room_hallway,
          layout_vaults_ring, uniq_sojobo
Vaults:4: nicolae_vaults_disjoint_gnomons, hangedman_vaults_stitches,
          ontoclasm_vaults_shout, v_misc_18, vaults_dpeg_encased_lava,
          ontoclasm_vaults_spin, nicolae_vaults_network_periphery,
          nicolae_vaults_three_branches, ontoclasm_vaults_tryst,
          vaults_room_hallway, ontoclasm_vaults_bender,
          hangedman_vaults_corner_blocks, layout_vaults_omnibox,
          uniq_saint_roka, uniq_jory
Vaults:5: serial_shops
Crypt:1:  layout_misc_corridors, grunt_megastairs_5
Crypt:2:  layout_catacombs, st_stairs_2
Crypt:3:  due_elkab, layout_chaotic_city
Tomb:1:   uniq_boris
Tomb:2

Skill      XL: |  1  2  3  4  5  6  7  8  9 10 11 12 13 14 15 16 17 18 19 20 21 22 23 24 25 |
---------------+----------------------------------------------------------------------------+-----
Dodging        | 1 2 3 4 5 6 7 8 9 10 11 12 13 14 15 16 17 | 17.8
Fighting       | 5 6 8 9 10 11 12 13 15 16 17 18 19 20 21 22 | 22.7
Maces & Flails | 4 5 7 8 9 10 11 12 13 14 15 16 17 18 19 20 | 20.9
Armour         | 5 6 8 9 10 11 12 13 15 16 17 18 19 20 21 22 | 22.7
Evocations     | 2 4 6 7 8 9 10 11 12 13 14 15 | 15.0
Throwing       | 2 3 |  3.0
Air Magic      | 2 4 5 6 8 9 |  9.0
Spellcasting   | 3 5 7 |  7.0
Shields        | 5 7 9 10 | 10.0

Action                   |  1- 3 |  4- 6 |  7- 9 | 10-12 | 13-15 | 16-18 | 19-21 | 22-24 | 25-27 || total
-------------------------+-------+-------+-------+-------+-------+-------+-------+-------+-------++-------
Melee: Flail             |   145 |    46 |   196 |   517 |   668 |   313 |  1812 |  1244 |       ||  4941
       Whip              |       |       |   157 |       |   479 |  1758 |       |       |       ||  2394
       Kick              |       |       |     6 |       |       |       |       |       |   117 ||   123
       Pseudopods        |       |       |       |     8 |   371 |   317 |   545 |   844 |       ||  2085
       Bite              |       |       |       |       |    80 |   385 |   378 |   318 |       ||  1161
       Great mace        |       |       |       |       |       |       |   167 |       |       ||   167
       Morningstar       |       |       |       |       |       |       |       |  1249 |  1050 ||  2299
Throw: Javelin           |       |       |     1 |     7 |       |       |       |    12 |     2 ||    22
       Dart              |       |       |       |    10 |     6 |       |    14 |       |       ||    30
 Cast: Swiftness         |       |       |       |       |       |       |     1 |     4 |     5 ||    10
Invok: Oozemancy         |       |     1 |     1 |     2 |     3 |    15 |     1 |     1 |     6 ||    30
Evoke: Wand              |       |       |     3 |    14 |     4 |     5 |     1 |    14 |     3 ||    44
       Tin of tremorston |       |       |       |       |     3 |     8 |     8 |    12 |     4 ||    35
       Lightning rod     |       |       |       |       |       |     4 |     6 |    16 |    12 ||    38
       Condenser vane    |       |       |       |       |       |       |     4 |     7 |     4 ||    15
       Phantom mirror    |       |       |       |       |       |       |     1 |     1 |     1 ||     3
       Box of beasts     |       |       |       |       |       |       |     1 |     2 |     1 ||     4
       Phial of floods   |       |       |       |       |       |       |     1 |     3 |     2 ||     6
  Use: Scroll            |     5 |       |     2 |     7 |     5 |    10 |     5 |       |     8 ||    42
       Potion            |       |       |       |       |     1 |     3 |     1 |     1 |     4 ||    10
 Stab: Confused          |       |     4 |     5 |    16 |    50 |    16 |     1 |       |       ||    92
       Petrified         |       |       |       |       |     8 |       |       |       |       ||     8
       Held in net/web   |       |       |       |       |       |     1 |       |       |       ||     1
       Distracted        |       |       |       |       |       |       |       |     2 |       ||     2
Armor: Scale mail        |   110 |    23 |   172 |   268 |   133 |       |       |       |       ||   706
       Troll leather arm |       |       |       |       |   261 |   763 |  1056 |  1036 |   623 ||  3739
Dodge: Dodged            |   105 |    18 |   158 |   202 |   701 |  2185 |  2245 |  3208 |  2225 || 11047
Block: Buckler           |    41 |    10 |   118 |   279 |   413 |   590 |       |       |       ||  1451
       Kite shield       |       |       |       |       |       |   356 |  1221 |  2425 |  1440 ||  5442
       Reflection        |       |       |       |       |       |     5 |    75 |    34 |       ||   114

Table legend: (Time is in decaauts)
 A = Elapsed time spent in this place.
 B = Non-inter-level travel time spent in this place.
 C = Inter-level travel time spent in this place.
 D = Time resting spent in this place.
 E = Time spent auto-exploring this place.
 F = Levels seen in this place.
 G = Mean time per level.
                   A        B        C        D        E       F      G
               +--------+--------+--------+--------+--------+-----+--------+
         Total |  44410 |  40590 |   3820 |    576 |  23170 |  53 |  837.9 |
       Dungeon |  13328 |  11709 |   1619 |    113 |   8394 |  15 |  888.5 |
        Temple |    147 |    127 |     20 |      0 |    109 |   1 |  147.0 |
          Lair |   5484 |   4818 |    666 |     16 |   3255 |   6 |  914.0 |
         Swamp |   2594 |   2343 |    251 |     66 |   1209 |   4 |  648.5 |
   Spider Nest |   3536 |   3313 |    223 |     10 |   1828 |   4 |  884.0 |
    Slime Pits |   1275 |   1103 |    172 |      0 |   1043 |   5 |  255.0 |
  Orcish Mines |   1244 |   1073 |    171 |      0 |    639 |   2 |  622.0 |
   Elven Halls |   3244 |   3093 |    151 |      0 |   1304 |   3 | 1081.3 |
        Vaults |   7085 |   6733 |    352 |     75 |   3309 |   5 | 1417.0 |
         Crypt |   3834 |   3642 |    192 |      0 |   1582 |   3 | 1278.0 |
          Tomb |   1629 |   1629 |      0 |    295 |    382 |   2 |  814.5 |
         Abyss |    242 |    242 |      0 |      0 |     28 |   1 |  242.0 |
      Ice Cave |    371 |    371 |      0 |      0 |     18 |   1 |  371.0 |
       Volcano |    392 |    392 |      0 |      0 |     70 |   1 |  392.0 |
               +--------+--------+--------+--------+--------+-----+--------+

Top non-repeatable levels by time:
Vaults:5: 1567 daAuts
 Crypt:3: 1555 daAuts
Vaults:1: 1552 daAuts
  Tomb:1: 1515 daAuts
Vaults:4: 1515 daAuts
Vaults:3: 1273 daAuts
    D:10: 1253 daAuts
  Lair:6: 1229 daAuts
   Elf:2: 1203 daAuts
     D:6: 1201 daAuts
 Crypt:2: 1197 daAuts
     D:3: 1191 daAuts
Vaults:2: 1177 daAuts
 Crypt:1: 1081 daAuts
  Lair:3: 1078 daAuts
